 Dungeon Crawl Stone Soup version 0.30-a0-4-ga7cffc901d (webtiles) character file.

Game seed: 17955126846737278587

350731 SensoryNuts the Axe Maniac (level 22, -4/258 HPs)
             Began as a Hill Orc Fighter on Aug 20, 2022.
             Was an Initiate of Gozag.
             Shot with a bolt by a yaktaur captain (19 damage)
             ... on level 4 of the Vaults.
             The game lasted 01:21:04 (46076 turns).

SensoryNuts the Axe Maniac (Hill Orc Fighter)      Turns: 46076, Time: 01:21:07

Health: -4/258     AC: 37    Str: 44    XL:     22   Next: 21%
Magic:  31/31      EV: 14    Int:  8    God:    Gozag
Gold:   5706       SH:  2    Dex: 14    Spells: 21/21 levels left

rFire   + . .      SeeInvis .    N - +9 battleaxe (chaos)
rCold   . . .      Faith    .    (shield currently unavailable)
rNeg    + . .      Spirit   .    a - +3 plate armour {rF+}
rPois   +          Reflect  .    f - +2 helmet of Wisdom {Str+4 Dex+4}
rElec   +          Harm     .    O - +0 cloak of Kindness {rN+ Str+4}
rCorr   .          Rampage  .    t - +2 pair of gloves {Stlth+}
Will    +....      Rage     3%   Y - +2 pair of boots {Fly}
Stlth   +.........               n - amulet of Vitality {RegenMP++ Regen++}
HPRegen 2.13/turn                Q - ring of the Octopus King {HP+2 MP+9 AC+2 EV+2 SH+2}
MPRegen 1.02/turn                J - +6 ring of strength

@: marked, flying
A: berserk 1, poison resistance, robust 1, electricity resistance, subdued magic
1
}: 2/15 runes: serpentine, abyssal
a: Renounce Religion, Potion Petition, Call Merchant, Bribe Branch


You were on level 4 of the Vaults.
You worshipped Gozag.
Gozag was greatly pleased with you.
You visited 10 branches of the dungeon, and saw 37 of its levels.
You visited the Abyss 3 times.
You also visited: Bailey.

You collected 19005 gold pieces.
You spent 2304 gold pieces at shops.
You paid 10995 gold pieces to Gozag.

Inventory:

Hand Weapons
 N - a +9 battleaxe of chaos (weapon)
Missiles
 B - 4 throwing nets (quivered)
Armour
 a - a +3 plate armour of fire resistance (worn)
 f - the +2 helmet of Wisdom (worn) {Str+4 Dex+4}
   (You found it on level 2 of the Dungeon)

   Str:       It affects your strength (+4).
   Dex:       It affects your dexterity (+4).
 t - a +2 pair of gloves of stealth (worn)
 O - the +0 cloak of Kindness (worn) {rN+ Str+4}
   (You acquired it on level 3 of the Elven Halls)

   Str:       It affects your strength (+4).
   rN:        It protects you from negative energy.
 Y - a +2 pair of boots of flying (worn)
Jewellery
 i - a +4 ring of slaying
 k - a ring of see invisible
 n - the amulet of Vitality (around neck) {RegenMP++ Regen++}
   (You bought it in a shop on level 2 of the Orcish Mines)

   [amulet of magic regeneration]

   It increases your rate of magic regeneration.
   Regen:     It increases your rate of health regeneration.
 o - a ring of wizardry
 x - the macabre finger necklace {rN+}
   (You found it on level 2 of the Vaults)

   [amulet of nothing]

   It enables you to equip an extra ring.
   rN:        It protects you from negative energy.
 z - a ring of willpower
 F - a +4 ring of protection
 J - a +6 ring of strength (right hand)
 Q - a ring of the Octopus King (left hand) {HP+2 MP+9 AC+2 EV+2 SH+2}
   (You took it off a deep elf death mage on level 3 of the Elven Halls)

   [ring of magical power]

   AC:        It affects your AC (+2).
   EV:        It affects your evasion (+2).
   HP:        It affects your health (+2).
   MP:        It affects your magic capacity (+9).
   SH:        It affects your SH (+2).
 Z - the ring "Isetsava" {rF+ Int+6}
   (You found it on level 14 of the Dungeon)

   [ring of protection from fire]

   Int:       It affects your intelligence (+6).
   rF:        It protects you from fire.
Wands
 h - a wand of paralysis (35)
 p - a wand of light (8)
 v - a wand of iceblast (23)
 w - a wand of flame (53)
 I - a wand of polymorph (30)
 V - a wand of digging (7)
Scrolls
 c - 2 scrolls of magic mapping
 g - 6 scrolls of silence
 j - 4 scrolls of teleportation
 m - 10 scrolls of butterflies
 y - 4 scrolls of enchant weapon
 A - 8 scrolls of amnesia
 D - 2 scrolls of brand weapon
 E - 2 scrolls of blinking
 H - 7 scrolls of poison
 L - 23 scrolls of identify
 U - 6 scrolls of fear
Potions
 d - 7 potions of flight
 e - 9 potions of curing
 l - 7 potions of attraction
 r - 4 potions of haste
 s - 2 potions of brilliance
 u - 4 potions of invisibility
 G - 6 potions of resistance
 K - a potion of berserk rage
 M - 2 potions of might
 P - 3 potions of magic
 T - 8 potions of cancellation
 W - 2 potions of mutation
Miscellaneous
 b - a box of beasts
 q - a piece from Xom's chessboard (15/15)
 C - a box of beasts


   Skills:
 O Level 27 Fighting
 + Level 2.1 Long Blades
 O Level 27 Axes
 + Level 20.3 Armour
 + Level 5.8 Dodging
 + Level 11.4 Stealth
 + Level 6.9 Shields


You had 21 spell levels left.
You didn't know any spells.
Your spell library contained the following spells:

 Spells                   Type           Power      Damage    Failure   Level
 Beastly Appendage        Tmut           0%         N/A       71%         1
 Foxfire                  Conj/Fire      0%         2x1d4     71%         1
 Magic Dart               Conj           0%         1d3       71%         1
 Slow                     Hex            0%         N/A       71%         1
 Poisonous Vapours        Pois/Air       0%         N/A       83%         2
 Searing Ray              Conj           0%         2d4       83%         2
 Wereblood                Tmut           0%         N/A       83%         2
 Call Canine Familiar     Summ           0%         N/A       97%         3
 Confusing Touch          Hex            0%         N/A       97%         3
 Conjure Flame            Conj/Fire      0%         6-21      97%         3
 Gell's Gravitas          Tloc           0%         N/A       97%         3
 Ignite Poison            Fire/Tmut/Pois 0%         N/A       97%         3
 Inner Flame              Hex/Fire       0%         N/A       97%         3
 Portal Projectile        Hex/Tloc       0%         N/A       97%         3
 Spider Form              Tmut/Pois      0%         N/A       97%         3
 Stone Arrow              Conj/Erth      0%         3d7       97%         3
 Teleport Other           Tloc           0%         N/A       97%         3
 Tukima's Dance           Hex            0%         N/A       97%         3
 Vampiric Draining        Necr           0%         2d6       97%         3
 Airstrike                Air            0%         2d(0-16)  100%        4
 Anguish                  Hex/Necr       0%         N/A       100%        4
 Animate Armour           Summ/Erth      0%         N/A       100%        4
 Flame Wave               Conj/Fire      0%         2d4       100%        4
 Fulminant Prism          Conj/Hex       0%         3d6       100%        4
 Hailstorm                Conj/Ice       0%         3d3       100%        4
 Ice Form                 Ice/Tmut       0%         N/A       100%        4
 Iskenderun's Mystic Bla  Conj/Tloc      0%         2d3       100%        4
 Leda's Liquefaction      Hex/Erth       0%         N/A       100%        4
 Olgreb's Toxic Radiance  Pois           0%         N/A       100%        4
 Passage of Golubria      Tloc           0%         N/A       100%        4
 Petrify                  Tmut/Erth      0%         N/A       100%        4
 Summon Lightning Spire   Summ/Air       0%         N/A       100%        4
 Alistair's Intoxication  Tmut/Pois      0%         N/A       100%        5
 Blade Hands              Tmut           0%         N/A       100%        5
 Borgnjor's Vile Clutch   Necr/Erth      0%         N/A       100%        5
 Fireball                 Conj/Fire      0%         3d3       100%        5
 Lee's Rapid Deconstruct  Erth           0%         3d5*      100%        5
 Lightning Bolt           Conj/Air       0%         1d11      100%        5
 Summon Forest            Summ/Tloc      0%         N/A       100%        5
 Yara's Violent Unravell  Hex/Tmut       0%         3d3       100%        5
 Dispersal                Tloc           0%         N/A       100%        6
 Eringya's Noxious Bog    Tmut/Pois      0%         N/A       100%        6
 Starburst                Conj/Fire      0%         6d3       100%        6
 Statue Form              Tmut/Erth      0%         N/A       100%        6
 Enfeeble                 Hex            0%         N/A       100%        7
 Ozocubu's Refrigeration  Ice            0%         4d7       100%        7
 Summon Hydra             Summ           0%         N/A       100%        7
 Borgnjor's Revivificati  Necr           0%         N/A       100%        8
 Ignition                 Fire           0%         3d3       100%        8
 Lehudib's Crystal Spear  Conj/Erth      0%         10d2      100%        8
 Necromutation            Tmut/Necr      0%         N/A       100%        8
 Death's Door             Necr           0%         N/A       100%        9
 Fire Storm               Conj/Fire      0%         5d1       100%        9
 Corpse Rot               Necr/Pois/Air  Unusable   N/A       N/A         4
 Simulacrum               Ice/Necr       Unusable   N/A       N/A         6

Dungeon Overview and Level Annotations

Branches:
Dungeon (14/15)            Temple (1/1) D:4            Lair (5/5) D:10
  Swamp (1/4) Lair:3        Snake (4/4) Lair:2        Slime (2/5) Lair:4
    Orc (2/2) D:9             Elf (3/3) Orc:2        Vaults (4/5) D:14
  Crypt (1/3) Vaults:3     Bailey (visited)

Altars:
Ashenzari
Cheibriados
Dithmenos
Elyvilon
Fedhas
Gozag
Hepliaklqana
Kikubaaqudgha
Makhleb
Nemelex Xobeh
Okawaru
Qazlal
Ru
Sif Muna
Trog
Uskayaw
Vehumet
Wu Jian
Xom
Yredelemnul
Zin
The Shining One
Beogh

Shops:
D:7 (   Orc:2 =(:(*   Elf:2 *   Snake:1 (   Snake:3 ?*(*   Snake:4 *
Vaults:3 [

Annotations:
D:13 Kirke
Elf:2 exclusion: 2 ice statues
Vaults:4 Mennas


Innate Abilities, Weirdness & Mutations

You sometimes lose your temper in combat.
Your system is resistant to poisons. (rPois)
You are robust. (+10% HP)
You are resistant to electric shocks. (rElec)
Your spells are a little easier to cast, but a little less powerful.


Message History

* * * LOW HITPOINT WARNING * * *
The vault warden activates a sealing rune.
The lindwurm breathes flames at you.
The blast of flame hits you but does no damage.
You recover from your berserk rage.
The yaktaur captain wields a +0 arbalest.
The yaktaur captain shoots a bolt.
The bolt hits you!
* * * LOW HITPOINT WARNING * * *
The vault warden activates a sealing rune.
The yaktaur captain shoots a bolt.
The bolt hits you!!
* * * LOW HITPOINT WARNING * * *
The vault warden activates a sealing rune.
The yaktaur captain shoots a bolt.
The bolt hits you!
* * * LOW HITPOINT WARNING * * *
The yaktaur captain shoots a bolt.
The bolt hits you but does no damage. [a] - 288 gold - brilliance and magic [b] - 338 gold - heal wounds and magic [c] - 312 gold - heal wounds, curing and berserk rage Purchase which effect?
You feel much better. Magic courses through your body.
The yaktaur captain shoots a bolt.
The bolt hits you!!
* * * LOW HITPOINT WARNING * * *
The yaktaur captain shoots a bolt.
The bolt hits you but does no damage.
The yaktaur captain shoots a bolt.
The bolt hits you!
* * * LOW HITPOINT WARNING * * *
The vault warden activates a sealing rune.
The yaktaur captain shoots a bolt.
The bolt hits you but does no damage.
The yaktaur captain shoots a bolt.
The bolt hits you.
* * * LOW HITPOINT WARNING * * *
The yaktaur captain shoots a bolt.
The bolt hits you!!
* * * LOW HITPOINT WARNING * * *
The runic seal fades away.
The yaktaur captain shoots a bolt.
The bolt misses you.
The yaktaur captain is no longer moving quickly.
The yaktaur captain shoots a bolt.
The bolt hits you!!
* * * LOW HITPOINT WARNING * * *
You reach down and open the door.
The yaktaur captain shoots a bolt.
The bolt hits you!!
You die...
Your body crumbles into a pile of gold.

#######################
.......pc.....@........
#+####..#######'######
#..# #.......# #..#
#.......# #..#
#..<....# #.p#
#.......# #..#
#.......# #.c#
#.......# #..#
#########


You could see a vault warden and a yaktaur captain.

Vanquished Creatures
  An ancient lich (Vaults:2)
  Saint Roka (Orc:1)
  A golden dragon (Vaults:2)
  A profane servitor (Abyss:4)
  A tentacled monstrosity (Abyss:4)
  2 liches (Abyss:4)
  3 acid blobs
  Jorgrun (Snake:2)
  2 quicksilver dragons (Snake:4)
  2 deep elf master archers (Elf:3)
  Asterion (Vaults:3)
  2 deep elf blademasters (Elf:3)
  A sphinx (Vaults:2)
  5 tentacled starspawn
  2 shadow dragons (Vaults:2)
  3 tengu reavers
  3 nagarajas (Snake:4)
  2 azure jellies (Elf:2)
  8 deep elf sorcerers
  A fire giant (Vaults:2)
  An iron dragon (Elf:2)
  12 vault wardens
  A balrug (Abyss:4)
  2 frost giants (Vaults:2)
  4 orc warlords
  2 deep elf elementalists (Elf:3)
  12 ironbound preservers
  5 very ugly things
  2 starflowers (Abyss:4)
  8 ironbound thunderhulks
  2 quicksilver oozes
  A war gargoyle (Vaults:2)
  2 vampire knights (Vaults:3)
  Azrael (D:12)
  8 deep elf demonologists
  A bunyip (Abyss:2)
  11 dire elephants
  6 deep elf annihilators
  2 crystal guardians (Vaults:3)
  4 ettins
  A fire dragon (Elf:2)
  Snorg (Lair:5)
  7 deep elf high priests
  6 great orbs of eyes
  3 deep elf death magi
  A green death (Abyss:2)
  8 yaktaur captains
  Harold (D:9)
  A rakshasa (Abyss:4)
  4 salamander tyrants
  20 vault guards
  5 hydras
  8 ironbound frosthearts
  3 boulder beetles
  6 naga warriors
  2 peacekeepers (Vaults:3)
  2 centaur warriors (D:13)
  An ogre mage (Vaults:2)
  5 anacondas
  2 two-headed ogres
  9 thrashing horrors (Abyss:4)
  A tengu warrior (D:13)
  A hell hog (Abyss:4)
  A deep troll earth mage (Vaults:2)
  An orc high priest (Orc:1)
  27 dancing weapons
  5 naga sharpshooters
  6 shock serpents
  21 deep elf knights
  A soul eater (Abyss:4)
  10 wretched stars (Abyss:4)
  2 salamander mystics
  3 skeletal warriors (Vaults:3)
  A sixfirhy (Abyss:4)
  A fire crab (Elf:2)
  32 deep trolls
  A glowing orange brain (Abyss:4)
  2 phantasmal warriors
  12 deep elf archers
  4 harpies (Vaults:2)
  9 ironbound convokers
  10 lindwurms
  4 wizards
  3 mana vipers (Snake:1)
  23 deep elf zephyrmancers
  2 necromancers
  A wolf spider (Elf:2)
  7 orc sorcerers
  21 ugly things
  6 orc knights
  23 deep elf pyromancers
  A stone giant zombie (Vaults:3)
  A manticore (D:10)
  21 salamanders
  A cyclops (D:13)
  A human zombie (Vaults:3)
  5 oklob plants
  A shining eye (shapeshifter) (Vaults:2)
  A worldbinder (Abyss:2)
  An iron dragon skeleton (Abyss:4)
  11 elephants (Lair:4)
  An apocalypse crab (Abyss:4)
  10 vault sentinels
  3 smoke demons (Abyss:4)
  30 black mambas
  A dire elephant zombie (Abyss:4)
  11 naga magi
  A rust devil (Abyss:4)
  An elf zombie (Vaults:1)
  7 guardian serpents
  11 cane toads
  A yaktaur zombie (Vaults:1)
  2 molten gargoyles (Elf:2)
  Maggie (D:6)
  An efreet (Abyss:4)
  8 rime drakes
  4 unseen horrors
  23 yaktaurs
  10 komodo dragons
  28 starcursed masses
  4 kobold demonologists
  4 gargoyles
  A freezing wraith (D:13)
  2 ancient zymes (Abyss:4)
  2 hellwings (Abyss:4)
  An anaconda simulacrum (Elf:2)
  13 trolls
  5 hornets
  A tengu simulacrum (Vaults:1)
  4 polar bears
  A polar bear (shapeshifter) (Elf:2)
  8 dream sheep
  17 raiju
  16 blink frogs
  55 slime creatures
  3 raiju (shapeshifter)
  19 large abominations
  2 air elementals
  2 shadows
  14 spriggans (Lair:5)
  4 vampires
  A wyvern (Lair:4)
  7 water elementals
  A ynoxinul (Abyss:4)
  53 yaks
  A wraith (D:12)
  9 fire elementals
  5 hogs
  6 basilisks
  3 golden eyes
  4 neqoxecs (Abyss:4)
  A warg (Orc:1)
  A steam dragon (D:8)
  2 redbacks (shapeshifter)
  14 vampire mosquitoes
  A glowing shapeshifter zombie (Vaults:1)
  An acid dragon (D:8)
  3 harpy simulacra
  33 nagas
  5 hell hounds
  20 water moccasins
  A black bear (shapeshifter) (Snake:4)
  44 orc warriors
  2 ice beasts
  7 black bears
  3 sky beasts
  4 black mamba simulacra (Elf:2)
  An ice beast (shapeshifter) (Elf:3)
  An ettin simulacrum (Abyss:4)
  8 ogres
  7 boggarts
  30 wolves
  11 centaurs
  A phantom (D:7)
  8 kobold brigands
  11 bullfrogs
  A gnoll sergeant (D:5)
  16 small abominations
  7 scorpions
  3 human skeletons
  2 necrophages
  A cane toad simulacrum (Lair:5)
  6 earth elementals
  7 wights
  An elephant simulacrum (Elf:2)
  2 vampire bats
  2 lava snakes (Elf:2)
  A quasit (Abyss:4)
  3 hounds
  3 jellies
  13 orc priests
  A gnoll bouda (D:3)
  An iron imp (Abyss:2)
  2 iguanas
  37 orc wizards
  5 hell rats (Lair:5)
  A statue (D:8)
  A wolf simulacrum (Lair:5)
  17 adders
  14 gnolls
  3 white imps
  3 ufetubi
  4 worms
  4 dart slugs
  91 orcs
  3 endoplasms
  3 giant cockroaches
  12 goblins
  13 hobgoblins
  3 jackals (D:4)
  4 quokkas
  2 ball pythons (D:3)
  20 bats
  5 frilled lizards
  27 kobolds
  14 rats
  2 lurking horrors (Abyss:4)
  5 starspawn tentacles
1518 creatures vanquished.

Vanquished Creatures (collateral kills)
  A deep elf blademaster (Elf:2)
  A vault warden (Vaults:2)
  Roxanne (Snake:3)
  A deep elf zephyrmancer (Elf:2)
  A deep elf pyromancer (Elf:2)
5 creatures vanquished.

Vanquished Creatures (others)
  A vault warden (Vaults:3)
  A deep elf high priest (Elf:3)
  A will-o-the-wisp (Abyss:4)
  A ynoxinul (Abyss:4)
  A starcursed mass (Abyss:4)
  4 orc priests (Orc:2)
  4 orc wizards (Orc:2)
  An orc (Orc:2)
  A bush (Abyss:4)
  2 demonic plants (Abyss:4)
  11 foxfires (Abyss:4)
  86 fungi
  136 plants
  11 starspawn tentacles
261 creatures vanquished.

Grand Total: 1784 creatures vanquished

Notes
Turn   | Place    | Note
-------+----------+-------------------------------------------
     0 | D:1      | SensoryNuts the Hill Orc Fighter began the quest for the
                  | Orb.
     0 | D:1      | Reached XP level 1. HP: 19/19 MP: 1/1
   199 | D:1      | Reached XP level 2. HP: 27/27 MP: 2/2
   641 | D:1      | Reached XP level 3. HP: 33/33 MP: 3/3
  1172 | D:2      | Identified the +2 helmet of Wisdom {Str+4 Dex+4}
  1507 | D:2      | Reached XP level 4. HP: 26/40 MP: 4/4
  1795 | D:2      | Found a faded altar of an unknown god.
  2209 | D:3      | Reached skill level 5 in Axes
  2209 | D:3      | Reached XP level 5. HP: 39/47 MP: 5/5
  2228 | D:3      | Found a sacrificial altar of Ru.
  2550 | D:3      | Reached skill level 5 in Fighting
  2614 | D:3      | Found a blossoming altar of Fedhas.
  2710 | D:3      | Found a shadowy altar of Dithmenos.
  3066 | D:4      | Found a staircase to the Ecumenical Temple.
  3080 | Temple   | Entered the Ecumenical Temple
  3149 | Temple   | Became a worshipper of Gozag Ym Sagoz the Greedy
  3202 | D:4      | Reached XP level 6. HP: 56/56 MP: 6/6
  3243 | D:4      | Found a snail-covered altar of Cheibriados.
  4044 | D:4      | Reached XP level 7. HP: 60/61 MP: 7/7
  4064 | D:4      | Found a shimmering blue altar of Sif Muna.
  4577 | D:5      | Entered Level 5 of the Dungeon
  4646 | D:5      | Reached skill level 1 in Dodging
  4848 | D:5      | Reached XP level 8. HP: 69/69 MP: 8/8
  4916 | D:5      | Reached skill level 5 in Armour
  5467 | D:6      | Reached skill level 10 in Axes
  5495 | D:6      | Found a sparkling altar of Nemelex Xobeh.
  5568 | D:6      | Noticed a yak
  5568 | D:6      | Noticed a yak
  5568 | D:6      | Noticed a yak
  5568 | D:6      | Noticed a yak
  5568 | D:6      | Noticed a yak
  5568 | D:6      | Noticed a yak
  5573 | D:6      | Killed a yak
  5578 | D:6      | Killed a yak
  5580 | D:6      | Killed a yak
  5581 | D:6      | Reached XP level 9. HP: 65/75 MP: 9/9
  5592 | D:6      | Reached skill level 1 in Stealth
  5980 | D:6      | Noticed Maggie
  5988 | D:6      | Killed Maggie
  6802 | D:7      | Found Metiahew's Antique Weapon Shoppe.
  7007 | D:7      | Reached XP level 10. HP: 86/86 MP: 10/10
  7015 | D:7      | Identified the +2 robe "Neirata" {rF++ Str-4 SInv Archmagi}
  7780 | D:8      | Noticed a two-headed ogre
  7786 | D:8      | Killed a two-headed ogre
  7787 | D:8      | Reached skill level 15 in Axes
  7787 | D:8      | Reached skill level 5 in Shields
  8236 | D:8      | Found a radiant altar of Vehumet.
  8793 | D:9      | Noticed Harold
  8814 | D:9      | Killed Harold
  9100 | D:9      | Found a staircase to the Orcish Mines.
  9156 | D:9      | Found a flagged portal.
  9165 | Bailey   | Entered a bailey
  9540 | Bailey   | Noticed an orc knight
  9540 | Bailey   | Noticed an orc warlord
  9561 | Bailey   | Killed an orc knight
  9562 | Bailey   | Reached XP level 11. HP: 95/95 MP: 8/11
  9588 | Bailey   | Killed an orc warlord
  9591 | Bailey   | HP: 3/95 [orc warrior/+0 war axe (12)]
  9878 | Bailey   | Identified the +8 demon blade "Wumok" {vamp, Fragile rF+
                  | Will++ Stlth+}
 10811 | D:10     | Entered Level 10 of the Dungeon
 11006 | D:10     | Reached skill level 1 in Long Blades
 11035 | D:10     | Found a staircase to the Lair.
 11652 | D:10     | Noticed a two-headed ogre
 11661 | D:10     | Killed a two-headed ogre
 11662 | D:10     | Reached skill level 10 in Fighting
 11662 | D:10     | Reached XP level 12. HP: 53/106 MP: 4/12
 12244 | D:11     | Noticed a boulder beetle
 12263 | D:11     | Killed a boulder beetle
 12530 | D:11     | Noticed a sun demon
 12533 | D:11     | Reached XP level 13. HP: 108/114 MP: 13/13
 13520 | D:11     | Gained mutation: You do not regenerate when monsters are
                  | visible. [potion of mutation]
 13520 | D:11     | Gained mutation: You expend magic power (3 MP) to
                  | strengthen your wands. [potion of mutation]
 14028 | D:12     | Found a hide-covered altar of Uskayaw.
 14308 | D:12     | Noticed Azrael
 14336 | D:12     | Killed Azrael
 15203 | D:13     | Reached skill level 10 in Armour
 15711 | D:13     | Noticed Kirke
 15731 | D:13     | Noticed a sphinx
 16372 | D:12     | Lost mutation: You expend magic power (3 MP) to strengthen
                  | your wands. [potion of mutation]
 16372 | D:12     | Lost mutation: You do not regenerate when monsters are
                  | visible. [potion of mutation]
 16372 | D:12     | Gained mutation: You occasionally lose the ability to drink
                  | potions when taking damage. [potion of mutation]
 16372 | D:12     | Gained mutation: You are partially covered in iridescent
                  | scales. (AC +2) [potion of mutation]
 16372 | D:12     | Gained mutation: Your spells are a little harder to cast,
                  | but a little more powerful. [potion of mutation]
 16373 | D:12     | Lost mutation: Your spells are a little harder to cast, but
                  | a little more powerful. [potion of mutation]
 16373 | D:12     | Lost mutation: You occasionally lose the ability to drink
                  | potions when taking damage. [potion of mutation]
 16373 | D:12     | Lost mutation: You are partially covered in iridescent
                  | scales. (AC +2) [potion of mutation]
 16373 | D:12     | Gained mutation: Your spells are a little easier to cast,
                  | but a little less powerful. [potion of mutation]
 16373 | D:12     | Gained mutation: You are resistant to electric shocks.
                  | (rElec) [potion of mutation]
 16373 | D:12     | Gained mutation: Your system is resistant to poisons.
                  | (rPois) [potion of mutation]
 16373 | D:12     | Gained mutation: You are robust. (+10% HP) [potion of
                  | mutation]
 16539 | D:13     | Reached skill level 5 in Stealth
 16539 | D:13     | Reached XP level 14. HP: 90/138 MP: 14/14
 16835 | Lair:1   | Entered Level 1 of the Lair of Beasts
 17405 | Lair:1   | You are sucked into a shaft and drop 1 floor!
 17624 | Lair:2   | Found a staircase to the Snake Pit.
 18351 | Lair:3   | Found a staircase to the Swamp.
 19260 | Lair:4   | Found a staircase to the Slime Pits.
 20547 | Lair:5   | Entered Level 5 of the Lair of Beasts
 20632 | Lair:5   | Reached XP level 15. HP: 103/151 MP: 15/15
 20983 | Lair:5   | Noticed Snorg
 20995 | Lair:5   | Killed Snorg
 21546 | Lair:5   | Identified the +1 chain mail of a sewer {rF+ Dex+5}
 22352 | Slime:1  | Entered Level 1 of the Pits of Slime
 22541 | Slime:1  | Noticed an acid blob
 22551 | Slime:1  | HP: 4/152 [acid (10)]
 22554 | Slime:1  | Killed an acid blob
 23427 | Slime:2  | Reached skill level 15 in Fighting
 23447 | Slime:2  | Noticed an acid blob
 23459 | Slime:2  | Killed an acid blob
 23572 | Slime:2  | Noticed an acid blob
 23575 | Slime:1  | Noticed an acid blob
 23575 | Slime:1  | Noticed a rockslime
 23575 | Slime:1  | Noticed a rockslime
 23575 | Slime:1  | Noticed a rockslime
 23577 | Slime:1  | Noticed a rockslime
 23577 | Slime:1  | Noticed a rockslime
 23580 | Slime:1  | Noticed an acid blob
 23709 | Slime:2  | Killed an acid blob
 24238 | Swamp:1  | Entered Level 1 of the Swamp
 24367 | Snake:1  | Entered Level 1 of the Snake Pit
 24801 | Snake:1  | Reached skill level 5 in Dodging
 25685 | Snake:1  | Reached XP level 16. HP: 24/163 MP: 16/16
 26159 | Snake:2  | Noticed Jorgrun
 26206 | Snake:1  | Bought a jewelled hand axe for 200 gold pieces
 26206 | Snake:1  | Identified the +5 hand axe "Tocrekyl" {antimagic, rN+} (You
                  | bought it in a shop on level 1 of the Snake Pit)
 26337 | Snake:2  | Killed Jorgrun
 27471 | Snake:3  | Found Yrapt's Assorted Antiques.
 27480 | Snake:3  | Bought a potion of heal wounds for 120 gold pieces
 27480 | Snake:3  | Bought a transparent broad axe for 216 gold pieces
 27480 | Snake:3  | Identified the +7 broad axe "Xoalo" {vamp, rC+ Stlth+} (You
                  | bought it in a shop on level 3 of the Snake Pit)
 27480 | Snake:3  | Bought a pair of embroidered boots for 180 gold pieces
 27480 | Snake:3  | Bought an encrusted agate ring for 120 gold pieces
 27498 | Snake:4  | Entered Level 4 of the Snake Pit
 27552 | Snake:3  | Found Nuilemp's Antique Weapon Boutique.
 27734 | Snake:3  | Found Tasiexov's Magic Scroll Shop.
 27742 | Snake:3  | Bought a scroll of enchant weapon for 97 gold pieces
 27742 | Snake:3  | Bought a scroll of enchant weapon for 97 gold pieces
 28194 | Snake:3  | Found Waliji's General Store.
 28206 | Snake:3  | Noticed Roxanne
 28763 | Snake:3  | Killed Roxanne
 29296 | Snake:4  | Found Tayvvi's Assorted Antiques.
 29759 | Snake:4  | Noticed a nagaraja
 29769 | Snake:4  | Killed a nagaraja
 29848 | Snake:4  | Noticed a quicksilver dragon
 29848 | Snake:4  | Noticed a nagaraja
 29848 | Snake:4  | Noticed a quicksilver dragon
 29860 | Snake:4  | Killed a quicksilver dragon
 29865 | Snake:4  | Killed a quicksilver dragon
 29872 | Snake:4  | Killed a nagaraja
 29954 | Snake:4  | Got a serpentine rune of Zot
 29968 | Snake:4  | Noticed a nagaraja
 29979 | Snake:4  | Killed a nagaraja
 29990 | Snake:4  | Reached XP level 17. HP: 144/177 MP: 17/17
 31748 | Orc:1    | Entered Level 1 of the Orcish Mines
 31760 | Orc:1    | Found a roughly hewn altar of Beogh.
 31993 | Orc:2    | Entered Level 2 of the Orcish Mines
 32006 | Orc:2    | Found a staircase to the Elven Halls.
 32006 | Orc:2    | Found Zuikhlaxt's Jewellery Shop.
 32265 | Orc:2    | Found Eqomna's Weapon Boutique.
 32265 | Orc:2    | Found Ronikleg's Antique Weapon Shop.
 32267 | Orc:2    | Found Qoca's Assorted Antiques.
 32390 | Orc:2    | Bought the amulet of Vitality {RegenMP++ Regen++} for 1100
                  | gold pieces
 32390 | Orc:2    | Found the amulet of Vitality {RegenMP++ Regen++}
 32489 | Orc:2    | Noticed Saint Roka
 32600 | Orc:1    | Killed Saint Roka
 32932 | Orc:2    | Found Ximmoc's Book Boutique.
 32935 | Orc:2    | Bought a potion of curing for 87 gold pieces
 32935 | Orc:2    | Bought a potion of curing for 87 gold pieces
 33349 | Elf:1    | Entered Level 1 of the Elven Halls
 33427 | Elf:1    | Reached skill level 15 in Armour
 33678 | Elf:1    | Found a radiant altar of Vehumet.
 34079 | Elf:1    | Reached skill level 27 in Axes
 34626 | Abyss:2  | Cast into level 2 of the Abyss (a deep elf sorcerer)
 34692 | Abyss:2  | Noticed a tentacled starspawn
 34702 | Abyss:2  | Killed a tentacled starspawn
 34914 | Elf:2    | Escaped the Abyss
 34969 | Elf:2    | Identified the +5 battleaxe of Ogheil {flame, +Blink rElec
                  | rC- Will+}
 35087 | Elf:2    | Reached XP level 18. HP: 170/191 MP: 18/18
 35271 | Elf:2    | Found Ickuif's General Store.
 35352 | Elf:2    | Got the Encyclopedia of Grit
 35574 | Elf:2    | Found a runed translucent gate.
 35575 | Elf:2    | Found a runed translucent gate.
 35575 | Elf:2    | Noticed a deep elf blademaster
 35576 | Elf:2    | Found a runed translucent gate.
 35979 | Elf:2    | Got the Book of Combustion
 36079 | Elf:2    | Got the Teachings on Transmutation
 36414 | Elf:2    | Killed a deep elf blademaster
 36950 | Elf:3    | Entered Level 3 of the Elven Halls
 37203 | Elf:3    | Noticed a deep elf blademaster
 37215 | Elf:3    | Killed a deep elf blademaster
 37216 | Elf:3    | Noticed a deep elf blademaster
 37220 | Elf:3    | Noticed a deep elf master archer
 37223 | Elf:3    | Killed a deep elf blademaster
 37224 | Elf:3    | Noticed a deep elf master archer
 37225 | Elf:3    | Noticed a Tzitzimitl
 37238 | Elf:3    | HP: 5/200 [deep elf master archer/arrow (26)]
 37263 | Elf:3    | HP: 7/200 [Executioner[a deep elf demonologist] (11)]
 37949 | Elf:3    | Killed a deep elf master archer
 37950 | Elf:3    | Reached XP level 19. HP: 140/203 MP: 19/19
 37980 | Elf:3    | Noticed a Tzitzimitl
 38021 | Abyss:3  | Cast into level 3 of the Abyss (a deep elf demonologist)
 38037 | Abyss:4  | Found a corrupted altar of Lugonu.
 38124 | Abyss:4  | Noticed a profane servitor
 38134 | Abyss:4  | Killed a profane servitor
 38433 | Abyss:4  | Paralysed by accursed screaming for 1 turns
 38754 | Abyss:4  | Noticed a tentacled monstrosity
 38767 | Abyss:4  | Killed a tentacled monstrosity
 38779 | Elf:3    | Escaped the Abyss
 38938 | Elf:3    | Found the ring of the Octopus King {HP+2 MP+9 AC+2 EV+2
                  | SH+2}
 38945 | Abyss:4  | Cast into level 4 of the Abyss (a ghostly deep elf
                  | demonologist)
 39015 | Abyss:4  | Got an abyssal rune of Zot
 39199 | Elf:3    | Escaped the Abyss
 39397 | Elf:3    | Reached XP level 20. HP: 178/223 MP: 20/20
 39523 | Elf:3    | Identified 2 scrolls of acquirement
 39529 | Elf:3    | Acquired 1182 gold pieces
 39531 | Elf:3    | Acquired the +0 cloak of Kindness {rN+ Str+4}
 39691 | Elf:3    | Identified the +6 dagger "Undertaker" {freeze, Str+4}
 41127 | D:14     | Identified the ring "Isetsava" {rF+ Int+6}
 41195 | D:14     | Found a gate to the Vaults.
 41248 | Vaults:1 | Entered Level 1 of the Vaults
 41449 | Vaults:1 | Paralysed by a great orb of eyes for 4 turns
 41456 | Vaults:1 | Paralysed by a great orb of eyes for 2 turns
 41817 | Vaults:1 | You are sucked into a shaft and drop 1 floor!
 42423 | Vaults:2 | Gained mutation: You sometimes lose your temper in combat.
                  | [a shining eye]
 42503 | Vaults:2 | Noticed a golden dragon
 42516 | Vaults:2 | Killed a golden dragon
 42710 | Vaults:2 | Found the +2 cloak of the Thief {*Fog Slay-2 SInv Stlth+}
 42728 | Vaults:2 | Identified the +4 short sword of Law {holy, Will- MP-9
                  | Str+6 Int+4}
 42783 | Vaults:2 | Found the macabre finger necklace {rN+}
 42801 | Vaults:2 | Identified the +1 longbow of Turmoil {flame, Int+4 Dex+2}
 43134 | Vaults:2 | Acquired 1082 gold pieces
 43142 | Vaults:2 | Identified the +9 arbalest of Taempe {penet, rElec rC+
                  | Will- Str+6}
 43146 | Vaults:2 | Identified the +8 arbalest of Leujef {venom, Dex+4}
 43229 | Vaults:2 | Reached XP level 21. HP: 239/239 MP: 21/21
 43314 | Vaults:2 | Noticed an ancient lich
 43325 | Vaults:2 | Killed an ancient lich
 44457 | Vaults:3 | Noticed Asterion
 44464 | Vaults:3 | Killed Asterion
 44465 | Vaults:3 | Reached skill level 10 in Stealth
 44708 | Vaults:3 | Found a staircase to the Crypt.
 44804 | Vaults:3 | Reached skill level 27 in Fighting
 45013 | Vaults:3 | Found Manoamoaqy's Antique Armour Boutique.
 45406 | Vaults:3 | Reached XP level 22. HP: 256/256 MP: 22/22
 45854 | Crypt:1  | Entered Level 1 of the Crypt
 46019 | Vaults:4 | Noticed Mennas
 46035 | Vaults:4 | Paralysed by a great orb of eyes for 2 turns
 46076 | Vaults:4 | Shot with a bolt by a yaktaur captain

Illustrated notes

Levels and vault maps discovered:
D:1:      scummos_arrival_simple_fountains, layout_basic
D:2:      layout_basic, shapermc_ecumenical_altar_acropolis, serial_park_tiny_2,
          palyth_stone_intersect
D:3:      cheibrodos_helix_gallery, layout_basic, overflow_temple_1_default,
          nicolae_dithmenos_shadow_blocks, nicolae_ru_awakened_eye
D:4:      old_forge, layout_loops_corners, kennysheep_mini_moat,
          nicolae_sif_muna_condensation, minmay_temple_entry_large_hall
D:5:      layout_basic, kennysheep_another_room
D:6:      layout_loops_corners, lemuel_crystal_altar, uniq_maggie
D:7:      layout_gridville, serial_shops, nicolae_stop_n_shop_2
D:8:      layout_loops_ring, vehumet_statue
D:9:      layout_roguey, orc_0_dummy, enter_bailey_2, kennysheep_big_empty_room,
          st_stairs_11, uniq_harold
D:10:     layout_roguey, due_lair_maze_entry_diamond
D:11:     layout_stronghold, serial_column_ruins, column_ruins_open_small,
          column_ruins_columns_straight, column_ruins_open_medium,
          column_ruins_corridor_dead_end, column_ruins_corridor_straight,
          chequers_serial_rivers_micro_e
D:12:     layout_cave_pods, nicolae_uskayaw_en_pointe, uniq_azrael
D:13:     layout_roguey, minmay_librarian, uniq_kirke
D:14:     layout_long_grid, david_vaults_2, corexii_leaking_fountain
Temple:   hellmonk_temple_two_chambers
Lair:1:   layout_concentric_octagons, cheibrodos_lair_reptile_den,
          grunt_megastairs_3
Lair:2:   layout_gridlike, minmay_snake_entry_six_corridors
Lair:3:   layout_long_grid, minmay_swamp_entry_swarm, roderic_batcave
Lair:4:   minmay_lair_venomous_thicket, layout_regular_city, slime_entry_1
Lair:5:   minmay_lair_end_enchanted_forest, layout_small_grid,
          portal_ice_cave_entry_ice_simulacra, uniq_snorg
Swamp:1:  layout_basic_swamp, evilmike_swamp_ruin_wall
Snake:1:  layout_honeycomb, grunt_ministairs_4, drop_trap
Snake:2:  layout_cave_shapes, special_room, uniq_jorgrun
Snake:3:  layout_grid_maze, serial_shops, shop, nicolae_stop_n_shop_2, shop,
          shop, serial_bayou_crossing, uniq_roxanne
Snake:4:  hellmonk_snake_rune_quicksilver_temple, layout_cave_town,
          nicolae_snake_double_loop, minmay_shop_grid_forest
Slime:1:  layout_caves
Slime:2:  cheibrodos_slime_lost_civilization_8, layout_caves
Orc:1:    layout_diamond_mine, basic_altar
Orc:2:    st_orc_mages, layout_caves, serial_shops, shop,
          nicolae_orc_crystal_geode, uniq_saint_roka
Elf:1:    layout_onion_city, basic_altar, kennysheep_underground_church,
          st_stairs_2
Elf:2:    nicolae_elf_blades_splatter_lattice [nicolae_blade_lattice],
          layout_loops_corners, serial_shops, shop, serial_hangedman_research,
          hangedman_research_metamorphosis, hangedman_research_pyrotechnics,
          hangedman_research_thermodynamics, hangedman_research_geology
Elf:3:    minmay_elf_hall_not_hex, layout_geoelf_grid
Vaults:1: ontoclasm_vaults_ring_small, vaults_room_octagon, v_misc_11,
          ontoclasm_vaults_hangar, hangedman_vaults_nails, v_rooms_4,
          hangedman_vaults_slice, v_misc_10, vaults_room_semicircle,
          nicolae_vaults_little_ls, vaults_room_fours, layout_vaults_omnicross
Vaults:2: st_greater_box_4, ontoclasm_vaults_loading_screen, vaults_room_grid,
          v_misc_32, vaults_dpeg_hooks, ontoclasm_vaults_gateway, v_misc_18,
          vaults_room_semicircle, nicolae_vaults_yaktaur_gun_rack,
          hangedman_vaults_trim, layout_vaults_chaotic_city
Vaults:3: hangedman_vaults_slither, nicolae_vaults_hallways_thing, v_rooms_6,
          minmay_crypt_entry_simple_statues, vaults_room_stairs_pillars,
          hangedman_vaults_maws, nicolae_vaults_network_periphery, v_misc_10,
          hangedman_vaults_snaps, nicolae_vaults_asterisk,
          layout_vaults_omnibox, serial_shops, shop, uniq_margery, uniq_asterion
Vaults:4: v_misc_3, v_misc_25, v_alt_pattern_2, ontoclasm_vaults_eye,
          nicolae_vaults_little_squares_3, st_lines, layout_vaults_quadrants,
          uniq_mennas, uniq_aizul
Crypt:1:  layout_catacombs

Skill      XL: |  1  2  3  4  5  6  7  8  9 10 11 12 13 14 15 16 17 18 19 20 21 22 |
---------------+-------------------------------------------------------------------+-----
Fighting       | 4 5 6 7 8 10 12 14 15 17 18 21 23 25 27 | 27.0
Axes           | 3 4 5 7 9 11 14 16 18 19 21 23 24 26 27 | 27.0
Armour         | 4 5 6 7 8 9 10 11 13 14 15 17 18 19 20 | 20.3
Shields        | 4 5 6 |  6.9
Dodging        | 1 2 4 5 |  5.8
Stealth        | 1 2 4 5 6 8 9 11 | 11.4
Long Blades    | 2 |  2.1

Action                   |  1- 3 |  4- 6 |  7- 9 | 10-12 | 13-15 | 16-18 | 19-21 | 22-24 || total
-------------------------+-------+-------+-------+-------+-------+-------+-------+-------++-------
Melee: War axe           |    96 |   132 |   201 |   220 |       |       |       |       ||   649
       Battleaxe         |       |       |       |   124 |  1042 |  1069 |  1026 |    97 ||  3358
       Demon blade       |       |       |       |    18 |       |       |       |       ||    18
Invok: Potion Petition   |       |       |       |       |     8 |     5 |    11 |     1 ||    25
       Call Merchant     |       |       |       |       |       |     1 |       |       ||     1
Evoke: Box of beasts     |       |       |       |       |       |     1 |       |       ||     1
  Use: Scroll            |     5 |     5 |     6 |     9 |    21 |     6 |     8 |       ||    60
       Potion            |     2 |     3 |     4 |    10 |    15 |     7 |     3 |       ||    44
 Stab: Distracted        |       |       |     3 |     4 |     9 |    15 |    17 |       ||    48
       Sleeping          |       |       |     1 |     3 |     3 |       |       |       ||     7
       Paralysed         |       |       |       |       |     2 |     2 |     4 |     1 ||     9
       Confused          |       |       |       |       |       |     7 |    11 |       ||    18
       Petrifying        |       |       |       |       |       |     3 |     4 |       ||     7
       Invisible         |       |       |       |       |       |     2 |    18 |       ||    20
Armor: Scale mail        |    42 |    61 |    81 |   107 |   122 |       |       |       ||   413
       Plate armour      |       |       |       |       |   573 |   576 |   412 |    62 ||  1623
Dodge: Dodged            |    41 |    76 |    61 |   115 |   486 |   373 |   346 |    52 ||  1550
Block: Buckler           |    25 |    40 |    36 |    56 |       |       |       |       ||   157
       Other             |       |       |       |       |     4 |       |    25 |     6 ||    35
       Reflection        |       |       |       |       |     2 |       |       |       ||     2

Table legend: (Time is in decaauts)
 A = Elapsed time spent in this place.
 B = Non-inter-level travel time spent in this place.
 C = Inter-level travel time spent in this place.
 D = Time resting spent in this place.
 E = Time spent auto-exploring this place.
 F = Levels seen in this place.
 G = Mean time per level.
                   A        B        C        D        E       F      G
               +--------+--------+--------+--------+--------+-----+--------+
         Total |  45217 |  41221 |   3996 |   3919 |  28807 |  42 | 1076.6 |
       Dungeon |  16570 |  15451 |   1119 |   1077 |  11792 |  14 | 1183.6 |
        Temple |     72 |     72 |      0 |      0 |     10 |   1 |   72.0 |
          Lair |   6187 |   5460 |    727 |      0 |   4516 |   5 | 1237.4 |
         Swamp |      8 |      8 |      0 |      0 |      0 |   1 |    8.0 |
     Snake Pit |   6515 |   5942 |    573 |   1504 |   3462 |   4 | 1628.8 |
    Slime Pits |   1749 |   1729 |     20 |    596 |    829 |   2 |  874.5 |
  Orcish Mines |   1642 |   1412 |    230 |      0 |    985 |   2 |  821.0 |
   Elven Halls |   5817 |   5103 |    714 |    602 |   3209 |   3 | 1939.0 |
        Vaults |   4694 |   4081 |    613 |    122 |   2911 |   4 | 1173.5 |
         Crypt |      9 |      9 |      0 |      0 |      0 |   1 |    9.0 |
         Abyss |   1185 |   1185 |      0 |     16 |    521 |   4 |  296.2 |
        Bailey |    763 |    763 |      0 |      0 |    569 |   1 |  763.0 |
               +--------+--------+--------+--------+--------+-----+--------+

Top non-repeatable levels by time:
   Elf:2: 2842 daAuts
Vaults:2: 2499 daAuts
 Snake:1: 1899 daAuts
 Snake:4: 1808 daAuts
    D:12: 1801 daAuts
    D:13: 1612 daAuts
 Snake:3: 1593 daAuts
  Lair:5: 1584 daAuts
     D:4: 1548 daAuts
Vaults:3: 1535 daAuts
    D:10: 1529 daAuts
   Elf:1: 1504 daAuts
  Lair:4: 1486 daAuts
   Elf:3: 1471 daAuts
     D:6: 1361 daAuts
